 Dungeon Crawl Stone Soup version 0.31.0 (webtiles) character file.

Game seed: 14422235298903798709

7438 qw the Skirmisher (level 11, -1/71 HPs)
             Began as a Gargoyle Hunter on Jan 19, 2024.
             Was a High Priest of Okawaru.
             Slain by a cane toad (11 damage)
             ... on level 1 of the Lair of Beasts.
             The game lasted 00:01:19 (7998 turns).

qw the Skirmisher (Gargoyle Hunter)                 Turns: 7998, Time: 00:01:20

Health: -1/71      AC: 16    Str: 15    XL:     11   Next: 15%
Magic:  16/16      EV: 13    Int: 13    God:    Okawaru [*****.]
Gold:   279        SH:  0    Dex: 15    Spells: 10/10 levels left

rFire   . . .        o - +0 orcbow
rCold   + . .        (shield currently unavailable)
rNeg    + . .        b - +1 leather armour of Moynuon {Regen+ Int+3 SInv Stlth+}
rPois   inf          (helmet restricted)
rElec   +            f - scarf {repulsion}
rCorr   .            (no gloves)
SInv    +            (no boots)
Will    .....        k - amulet of faith
Stlth   +++          d - +4 ring of protection
HPRegen 1.11/turn    j - ring of protection from cold
MPRegen 0.15/turn

%: repel missiles, faith
@: no status effects
A: sickness immunity, AC +8, negative energy resistance 1, electricity
resistance, torment resistance 1, petrification resistance, antennae 1, clumsy 1
a: Renounce Religion, Heroism, Finesse, Duel


You were on level 1 of the Lair of Beasts.
You worshipped Okawaru.
Okawaru was extremely pleased with you.
You visited 2 branches of the dungeon, and saw 9 of its levels.
You also visited: Sewer.

You collected 543 gold pieces.
You spent 264 gold pieces at shops.


Innate Abilities, Weirdness & Mutations

You are immune to sickness and miasma.
Your stone body is resilient. (AC +8)
You are immune to poison.
You resist negative energy. (rN+)
You are resistant to electric shocks. (rElec)
You are resistant to unholy torment.
You are immune to petrification.
You have a pair of small antennae on your head.
You are clumsy. (Dex -2)


   Skills:
 - Level 9.0 Fighting
 + Level 13.0 Ranged Weapons
 - Level 1.0 Armour
 - Level 4.0 Dodging
 - Level 1.1 Stealth
 + Level 7.3 Invocations


You had 10 spell levels left.
You didn't know any spells.
Your spell library was empty.

Inventory:

Hand Weapons
 o - a +0 orcbow (weapon)
Armour
 b - the +1 leather armour of Moynuon (worn) {Regen+ Int+3 SInv Stlth+}
   (You found it on level 2 of the Dungeon)

   Int+3:     It affects your intelligence (+3).
   SInv:      It lets you see invisible.
   Regen+:    It increases your rate of health regeneration.
   Stlth+:    It makes you more stealthy.
 e - the +1 pair of gloves "Xettiude" {rElec rF- Int+2}
   (You acquired it on level 7 of the Dungeon)

   Int+2:     It affects your intelligence (+2).
   rF-:       It makes you vulnerable to fire.
   rElec:     It insulates you from electricity.
 f - a scarf of repulsion (worn)
 l - a +2 cloak
 r - a +0 pair of boots
Jewellery
 d - a +4 ring of protection (left hand)
 j - a ring of protection from cold (right hand)
 k - an amulet of faith (around neck)
Wands
 a - a wand of roots (11)
 c - a wand of digging (3)
 t - a wand of mindburst (4)
Scrolls
 n - a scroll of enchant armour
 u - a scroll of identify
Potions
 g - 3 potions of mutation
 h - 2 potions of cancellation
 i - 5 potions of curing
 m - a potion of magic
 p - a potion of haste
 q - a potion of enlightenment

Dungeon Overview and Level Annotations

Branches:
Dungeon (8/15)             Temple (0/1) D:4            Lair (1/5) D:8
  Sewer (visited)

Altars:
Ashenzari
Cheibriados
Dithmenos
Elyvilon
Hepliaklqana
Kikubaaqudgha
Okawaru
Qazlal
Sif Muna
Wu Jian
Xom
Yredelemnul
Zin

Shops:
D:2 :   D:4 =   D:5 [   D:6 :!

Annotations:
D:8 2 transporters, Wexler's ghost, novice GrFi


Message History

You shoot an arrow. The arrow hits the bullfrog.
The bullfrog is lightly wounded.
The bullfrog hits you. The bullfrog barely misses you. The bullfrog hits you.
The bullfrog hits you but does no damage.
You shoot an arrow.
The arrow completely misses the bullfrog.
The bullfrog closely misses you. x2
You shoot an arrow. The arrow hits the bullfrog.
The bullfrog is lightly wounded.
The bullfrog barely misses you. The bullfrog hits you.
7993 ||| DRINKING potion of heal wounds.
You feel much better. The bullfrog hits you.
The bullfrog hits you but does no damage.
The cane toad stings you! The bullfrog barely misses you.
The bullfrog completely misses you.
You shoot an arrow. The arrow hits the cane toad.
The cane toad is lightly wounded.
The bullfrog hits you but does no damage.
The cane toad stings you. The bullfrog closely misses you.
You shoot an arrow.
The arrow hits the cane toad but does no damage.
The cane toad is lightly wounded.
The bullfrog barely misses you.
The bullfrog hits you but does no damage.
The cane toad stings you. The bullfrog misses you.
You shoot an arrow. The arrow hits the cane toad!
The cane toad is moderately wounded.
The bullfrog hits you but does no damage.
The cane toad closely misses you. The bullfrog closely misses you.
The bullfrog hits you.
You shoot an arrow. The arrow hits the cane toad.
The cane toad is moderately wounded.
The cane toad stings you.
The bullfrog hits you but does no damage.
The bullfrog misses you.
You shoot an arrow. The arrow hits the cane toad.
The cane toad is moderately wounded.
The bullfrog misses you. The cane toad stings you!
You die...

.........#.....
................
.................
...........#.....
P..............
#...........###
#.......F.$...##.......
##..?...F@..............
#.......F...............
.#.......................
...................#...
.....................#
.........##..........#
.........##..........#
.........##....%....#####
....................###.###


You could see a cane toad and 2 bullfrogs.

Vanquished Creatures
  A centaur warrior (D:8)
  An elephant (D:8)
  2 vault sentinels (D:7)
  A cane toad (Lair:1)
  A rime drake (Lair:1)
  3 komodo dragons
  4 yaks (D:7)
  A wraith (D:8)
  2 water moccasins
  Duvessa (D:6)
  2 sky beasts
  An orc warrior (D:7)
  A laughing skull (D:8)
  An ogre (D:6)
  2 phantoms
  Blork the orc (D:6)
  A kobold brigand (D:7)
  5 scorpions
  7 bullfrogs
  A gnoll sergeant (D:7)
  Dowan (D:6)
  A burial acolyte (D:6)
  5 wights (D:7)
  7 killer bees
  A howler monkey (D:7)
  6 electric eels (D:8)
  3 bombardier beetles
  A bullfrog zombie (D:6)
  A jelly (D:6)
  6 orc priests
  A hound (D:5)
  2 gnoll boudas
  2 iguanas
  Jessica (D:3)
  6 orc wizards
  Natasha (thrice) (D:2)
  A hell rat (Sewer)
  6 adders
  12 gnolls
  2 river rats (Sewer)
  A white imp (D:8)
  A dart slug (D:2)
  A ribbon worm (D:4)
  19 orcs
  2 bats (D:2)
  2 endoplasms (D:2)
  7 giant cockroaches (D:4)
  15 goblins
  7 hobgoblins
  14 kobolds
  6 quokkas
  6 ball pythons
  3 frilled lizards
  10 rats
  A spectral goblin (D:4)
202 creatures vanquished.

Vanquished Creatures (others)
  A human (D:6)
1 creature vanquished.

Grand Total: 203 creatures vanquished

Notes
Turn   | Place    | Note
-------+----------+-------------------------------------------
     0 | D:1      | qw the Gargoyle Hunter began the quest for the Orb.
     0 | D:1      | Reached XP level 1. HP: 12/12 MP: 1/1
     0 | D:1      | 0 ||| qw: Version: 0.3-a-132-g3d54051
     0 | D:1      | 0 ||| qw: Game counter: 29
     0 | D:1      | 0 ||| qw: Melee chars always use a shield: true
     0 | D:1      | 0 ||| qw: God list: Okawaru
     0 | D:1      | 0 ||| qw: Allow faded altars: false
     0 | D:1      | 0 ||| qw: Do Orc after clearing Dungeon:15 true
     0 | D:1      | 0 ||| qw: Do second Lair branch before Depths: true
     0 | D:1      | 0 ||| qw: Lair rune preference: random
     0 | D:1      | 0 ||| qw: Goals: Normal
     0 | D:1      | 0 ||| PLANNING D:1-11
   150 | D:1      | Reached XP level 2. HP: 17/17 MP: 2/2
   866 | D:1      | 866 ||| UPGRADING to scarf of repulsion.
   871 | D:1      | 871 ||| UPGRADING to +0 ring mail.
   881 | D:1      | 881 ||| DROPPING +0 leather armour.
   882 | D:1      | 882 ||| UPGRADING to +4 ring of protection.
   883 | D:1      | 883 ||| READING scroll labelled WIAROP VECVEISU.
   984 | D:1      | 984 ||| READING 2 scrolls labelled UROAH YBOO.
   985 | D:1      | 985 ||| DROPPING scroll of butterflies.
   986 | D:1      | 986 ||| DROPPING scroll of fear.
  1051 | D:2      | Reached XP level 3. HP: 21/21 MP: 3/3
  1057 | D:2      | Identified the +1 leather armour of Moynuon {Regen+ Int+3
                  | SInv Stlth+}
  1090 | D:2      | Found Tuxas's Vocational Training.
  1098 | D:2      | Reached skill level 1 in Armour
  1154 | D:2      | Noticed Natasha
  1165 | D:2      | Killed Natasha
  1166 | D:2      | Reached skill level 5 in Ranged Weapons
  1166 | D:2      | 1166 ||| FLEEEEING.
  1232 | D:2      | Reached XP level 4. HP: 23/27 MP: 4/4
  1232 | D:2      | 1232 ||| FLEEEEING.
  1417 | D:2      | Noticed Natasha
  1423 | D:2      | Killed Natasha
  1424 | D:2      | Reached skill level 3 in Fighting
  1609 | D:2      | Noticed Natasha
  1614 | D:2      | Killed Natasha
  1615 | D:2      | Reached XP level 5. HP: 28/32 MP: 5/5
  1615 | D:2      | 1615 ||| FLEEEEING.
  1659 | D:2      | 1659 ||| UPGRADING to +1 leather armour of Moynuon {Regen+
                  | Int+3 SInv Stlth+}.
  1669 | D:2      | 1669 ||| DROPPING +0 ring mail.
  1670 | D:2      | 1670 ||| READING scroll labelled RICUCKU MOAH LITY.
  1671 | D:2      | 1671 ||| DRINKING 2 white potions.
  1672 | D:2      | 1672 ||| DROPPING potion of degeneration.
  1749 | D:3      | Noticed Jessica
  1759 | D:3      | Killed Jessica
  2157 | D:3      | Found a shimmering blue altar of Sif Muna.
  2222 | D:3      | Found a faded altar of an unknown god.
  2254 | D:3      | Found a white marble altar of Elyvilon.
  2287 | D:3      | Reached skill level 6 in Ranged Weapons
  2552 | D:3      | Found a snail-covered altar of Cheibriados.
  2610 | D:3      | 2610 ||| UPGRADING to ring of protection from cold.
  2611 | D:3      | 2611 ||| READING scroll labelled FISUBROAGGO.
  2611 | D:3      | 2611 ||| IDENTIFYING coppery potion
  2612 | D:3      | 2612 ||| READING scroll labelled YPPAUT YDITOU.
  2613 | D:3      | 2613 ||| READING scroll labelled HEDDOUMPAVVI.
  2613 | D:3      | 2613 ||| ENCHANTING +0 shortbow.
  2614 | D:3      | 2614 ||| DROPPING potion of lignification.
  2647 | D:4      | 2647 ||| PLANNING SEWER
  2670 | D:4      | Found an iron altar of Okawaru.
  2707 | D:4      | Identified the +0 ring mail "Tiongos" {rPois Regen+ Int+6}
  2848 | D:4      | Found a shadowy altar of Dithmenos.
  2872 | D:4      | Found a sand-covered staircase.
  2878 | D:4      | Found Dazui's Jewellery Shop.
  2892 | D:4      | 2892 ||| SHOPLISTING amulet of reflection (420 gold, have
                  | 165).
  2892 | D:4      | 2892 ||| SHOPLISTING amulet of the acrobat (420 gold, have
                  | 165).
  2892 | D:4      | 2892 ||| SHOPLISTING dreamshard necklace {Acrobat *Dream}
                  | (2800 gold, have 165).
  2892 | D:4      | 2892 ||| SHOPLISTING ring of resist corrosion (280 gold,
                  | have 165).
  2892 | D:4      | 2892 ||| SHOPLISTING ring of willpower (350 gold, have
                  | 165).
  2947 | D:4      | 2947 ||| DROPPING +0 ring mail "Tiongos" {rPois Regen+
                  | Int+6}.
  2948 | D:4      | 2948 ||| DROPPING +6 ring of intelligence.
  2961 | D:4      | 2961 ||| DRINKING smoky red potion.
  2961 | D:4      | Gained mutation: You have a pair of small antennae on your
                  | head. [potion of mutation]
  2961 | D:4      | Gained mutation: You are clumsy. (Dex -2) [potion of
                  | mutation]
  2962 | D:4      | 2962 ||| DRINKING red potion.
  2963 | D:4      | 2963 ||| DRINKING blue potion.
  2964 | D:4      | 2964 ||| DRINKING 3 bubbling white potions.
  3032 | D:4      | Reached XP level 6. HP: 35/38 MP: 6/6
  3065 | D:4      | 3065 ||| FLEEEEING.
  3136 | D:4      | Found a staircase to the Ecumenical Temple.
  3306 | D:4      | 3306 ||| RIP OSSUARY
  3375 | D:4      | Found a glowing drain.
  3391 | D:4      | 3391 ||| DROPPING amulet of magic regeneration.
  3396 | D:4      | 3396 ||| READING 2 scrolls of identify.
  3396 | D:4      | 3396 ||| IDENTIFYING 2 dark potions
  3397 | D:4      | 3397 ||| DROPPING 2 potions of brilliance.
  3404 | Sewer    | Entered a sewer
  3425 | Sewer    | Reached skill level 7 in Ranged Weapons
  3497 | Sewer    | 3497 ||| DROPPING ring of ice.
  3498 | Sewer    | 3498 ||| READING scroll of identify.
  3498 | Sewer    | 3498 ||| IDENTIFYING brown potion
  3499 | Sewer    | 3499 ||| READING scroll labelled WEYNKU GOSORCH.
  3500 | Sewer    | 3500 ||| READING scroll labelled ZINAGU HAZEI.
  3501 | Sewer    | 3501 ||| DROPPING potion of invisibility.
  3509 | D:4      | 3509 ||| PLANNING OKAWARU WORSHIP
  3541 | D:4      | Became a worshipper of Warmaster Okawaru
  3542 | D:4      | 3542 ||| PLANNING D:1-11
  3710 | D:4      | Found a hazy altar of Hepliaklqana.
  3757 | D:4      | Reached XP level 7. HP: 43/43 MP: 7/7
  3855 | D:5      | Entered Level 5 of the Dungeon
  3855 | D:5      | Found an ornate altar of the Wu Jian Council.
  4046 | D:5      | Reached skill level 8 in Ranged Weapons
  4143 | D:5      | Found Engel's Antique Armour Shop.
  4497 | D:5      | 4497 ||| READING scroll labelled WAEDWE LEOMU.
  4498 | D:5      | 4498 ||| FLEEEEING.
  4549 | D:6      | Reached * piety under Okawaru
  4558 | D:6      | Found Ichizi Boesch's Distillery.
  4566 | D:6      | 4566 ||| BUYING 2 potions of cancellation (192 gold).
  4566 | D:6      | Bought 2 potions of cancellation for 192 gold pieces
  4566 | D:6      | 4566 ||| BUYING 2 potions of curing (72 gold).
  4566 | D:6      | Bought 2 potions of curing for 72 gold pieces
  4566 | D:6      | 4566 ||| SHOPLISTING potion of enlightenment (60 gold, have
                  | 29).
  4566 | D:6      | 4566 ||| SHOPLISTING potion of haste (120 gold, have 29).
  4566 | D:6      | 4566 ||| SHOPLISTING potion of might (48 gold, have 29).
  4566 | D:6      | 4566 ||| SHOPLISTING potion of resistance (120 gold, have
                  | 29).
  4596 | D:6      | 4596 ||| DRINKING 5 potions of curing.
  4596 | D:6      | 4596 ||| (to cure confusion)
  4597 | D:6      | 4597 ||| DRINKING 4 potions of curing.
  4597 | D:6      | 4597 ||| (to cure confusion)
  4602 | D:6      | Reached skill level 1 in Invocations
  4704 | D:6      | Found Wycit's Self-Published Books.
  4714 | D:6      | Noticed Blork the orc
  4725 | D:6      | Killed Blork the orc
  4726 | D:6      | Reached XP level 8. HP: 36/49 MP: 7/9
  4726 | D:6      | 4726 ||| FLEEEEING.
  4738 | D:6      | 4738 ||| FLEEEEING.
  4889 | D:6      | 4889 ||| FLEEEEING.
  4905 | D:6      | 4905 ||| RETREEEEATING.
  4907 | D:6      | 4907 ||| RETREEEEATING.
  4916 | D:6      | 4916 ||| RETREEEEATING.
  4922 | D:6      | Reached skill level 3 in Invocations
  5039 | D:6      | Found an ancient bone altar of Kikubaaqudgha.
  5396 | D:6      | 5396 ||| READING scroll labelled QIPIWIYTIA.
  5397 | D:6      | 5397 ||| DRINKING 2 bubbling coppery potions.
  5427 | D:7      | Noticed Dowan
  5431 | D:7      | 5431 ||| STAIRDANCE
  5457 | D:7      | 5457 ||| STAIRDANCE
  5474 | D:6      | Reached skill level 9 in Ranged Weapons
  5482 | D:6      | Reached ** piety under Okawaru
  5502 | D:7      | Noticed Duvessa
  5503 | D:7      | 5503 ||| STAIRDANCE
  5526 | D:7      | 5526 ||| STAIRDANCE
  5530 | D:7      | 5530 ||| STAIRDANCE
  5553 | D:6      | Reached skill level 6 in Fighting
  5557 | D:7      | 5557 ||| INVOKING Heroism.
  5561 | D:7      | 5561 ||| STAIRDANCE
  5566 | D:6      | Killed Dowan
  5591 | D:6      | 5591 ||| INVOKING Heroism.
  5602 | D:6      | Killed Duvessa
  5603 | D:6      | 5603 ||| FLEEEEING.
  5645 | D:7      | Reached XP level 9. HP: 52/55 MP: 12/12
  5666 | D:7      | 5666 ||| FLEEEEING.
  5668 | D:7      | 5668 ||| STAIRDANCE
  5674 | D:6      | 5674 ||| DROPPING wand of flame (11).
  5688 | D:7      | Found a basalt altar of Yredelemnul.
  5691 | D:7      | 5691 ||| RETREEEEATING.
  5696 | D:7      | 5696 ||| RETREEEEATING.
  5697 | D:7      | 5697 ||| RETREEEEATING.
  5698 | D:7      | 5698 ||| RETREEEEATING.
  5699 | D:7      | 5699 ||| RETREEEEATING.
  5700 | D:7      | 5700 ||| RETREEEEATING.
  5714 | D:7      | HP: 10/55 [yak (7)]
  5727 | D:7      | HP: 12/55 [yak (11)]
  5729 | D:7      | Reached skill level 10 in Ranged Weapons
  5736 | D:7      | 5736 ||| RETREEEEATING.
  5834 | D:7      | Reached *** piety under Okawaru
  5835 | D:7      | Reached skill level 3 in Dodging
  5956 | D:7      | Noticed a vault sentinel
  5956 | D:7      | Noticed a vault sentinel
  5957 | D:7      | 5957 ||| RETREEEEATING.
  5959 | D:7      | 5959 ||| RETREEEEATING.
  5961 | D:7      | 5961 ||| INVOKING Heroism.
  5977 | D:7      | 5977 ||| RETREEEEATING.
  5978 | D:7      | 5978 ||| RETREEEEATING.
  5979 | D:7      | 5979 ||| RETREEEEATING.
  5980 | D:7      | 5980 ||| RETREEEEATING.
  5981 | D:7      | 5981 ||| RETREEEEATING.
  5982 | D:7      | 5982 ||| RETREEEEATING.
  5988 | D:7      | 5988 ||| RETREEEEATING.
  5989 | D:7      | 5989 ||| RETREEEEATING.
  5990 | D:7      | 5990 ||| RETREEEEATING.
  5991 | D:7      | 5991 ||| RETREEEEATING.
  5992 | D:7      | 5992 ||| RETREEEEATING.
  5993 | D:7      | 5993 ||| RETREEEEATING.
  5994 | D:7      | 5994 ||| RETREEEEATING.
  5995 | D:7      | 5995 ||| RETREEEEATING.
  5996 | D:7      | 5996 ||| INVOKING Heroism.
  6004 | D:7      | 6004 ||| RETREEEEATING.
  6007 | D:7      | 6007 ||| RETREEEEATING.
  6008 | D:7      | 6008 ||| RETREEEEATING.
  6009 | D:7      | 6009 ||| RETREEEEATING.
  6011 | D:7      | 6011 ||| RETREEEEATING.
  6012 | D:7      | 6012 ||| RETREEEEATING.
  6013 | D:7      | 6013 ||| RETREEEEATING.
  6014 | D:7      | 6014 ||| RETREEEEATING.
  6015 | D:7      | 6015 ||| RETREEEEATING.
  6016 | D:7      | 6016 ||| INVOKING Heroism.
  6041 | D:7      | 6041 ||| INVOKING Heroism.
  6043 | D:7      | Reached skill level 11 in Ranged Weapons
  6045 | D:7      | Killed a vault sentinel
  6061 | D:7      | Killed a vault sentinel
  6062 | D:7      | Reached XP level 10. HP: 26/64 MP: 13/13
  6072 | D:7      | 6072 ||| INVOKING Heroism.
  6122 | D:7      | 6122 ||| FLEEEEING.
  6154 | D:7      | 6154 ||| FLEEEEING.
  6420 | D:7      | Found a shimmering altar of Xom.
  6475 | D:7      | Found the +18 shield of the Gong {Loud rN+ Will+ rCorr
                  | EV-5}
  6616 | D:7      | Found a glowing silver altar of Zin.
  6619 | D:7      | 6619 ||| READING scroll labelled EFOSHR JAEWY.
  6619 | D:7      | Identified a scroll of acquirement
  6619 | D:7      | 6619 ||| ACQUIRING +1 pair of gloves "Xettiude" {rElec rF-
                  | Int+2}
  6619 | D:7      | Acquired the +1 pair of gloves "Xettiude" {rElec rF- Int+2}
  6676 | D:8      | Found a stormy altar of Qazlal.
  6686 | D:8      | Reached skill level 12 in Ranged Weapons
  6714 | D:8      | Found a broken altar of Ashenzari.
  6817 | D:8      | Noticed a centaur warrior
  6818 | D:8      | 6818 ||| INVOKING Heroism.
  6830 | D:8      | Killed a centaur warrior
  6830 | D:8      | Reached **** piety under Okawaru
  6830 | D:8      | HP: 16/64 [electric eel/bolt of electricity (2)]
  6831 | D:8      | 6831 ||| READING 2 scrolls of teleportation.
  6837 | D:8      | 6837 ||| READING scroll of teleportation.
  6838 | D:8      | HP: 14/64 [electric eel/bolt of electricity (2)]
  6840 | D:8      | 6840 ||| RETREEEEATING.
  6842 | D:8      | 6842 ||| FLEEEEING.
  6901 | D:8      | 6901 ||| RETREEEEATING.
  6906 | D:8      | 6906 ||| RETREEEEATING.
  6907 | D:8      | 6907 ||| RETREEEEATING.
  6938 | D:8      | 6938 ||| FLEEEEING.
  7129 | D:8      | 7129 ||| SWAPPING to +0 orcbow.
  7150 | D:8      | 7150 ||| DROPPING +0 shortbow.
  7254 | D:8      | 7254 ||| RETREEEEATING.
  7271 | D:8      | HP: 16/64 [komodo dragon (14)]
  7275 | D:8      | Reached skill level 13 in Ranged Weapons
  7279 | D:8      | 7279 ||| DRINKING 4 potions of curing.
  7279 | D:8      | 7279 ||| (to cure confusion)
  7281 | D:8      | Noticed an elephant
  7285 | D:8      | 7285 ||| FLEEEEING.
  7286 | D:8      | 7286 ||| FLEEEEING.
  7287 | D:8      | 7287 ||| FLEEEEING.
  7288 | D:8      | 7288 ||| FLEEEEING.
  7289 | D:8      | 7289 ||| FLEEEEING.
  7290 | D:8      | 7290 ||| FLEEEEING.
  7291 | D:8      | 7291 ||| FLEEEEING.
  7292 | D:8      | 7292 ||| FLEEEEING.
  7293 | D:8      | 7293 ||| FLEEEEING.
  7294 | D:8      | 7294 ||| FLEEEEING.
  7295 | D:8      | 7295 ||| FLEEEEING.
  7296 | D:8      | 7296 ||| FLEEEEING.
  7297 | D:8      | 7297 ||| FLEEEEING.
  7299 | D:8      | 7299 ||| FLEEEEING.
  7300 | D:8      | 7300 ||| FLEEEEING.
  7301 | D:8      | 7301 ||| FLEEEEING.
  7302 | D:8      | 7302 ||| FLEEEEING.
  7303 | D:8      | 7303 ||| FLEEEEING.
  7304 | D:8      | 7304 ||| INVOKING Finesse.
  7338 | D:8      | HP: 15/64 [elephant (7)]
  7340 | D:8      | Killed an elephant
  7341 | D:8      | Reached skill level 6 in Invocations
  7361 | D:8      | 7361 ||| FLEEEEING.
  7445 | D:8      | 7445 ||| DROPPING ring of magical power.
  7446 | D:8      | 7446 ||| READING scroll of identify.
  7446 | D:8      | 7446 ||| IDENTIFYING golden potion
  7447 | D:8      | 7447 ||| DRINKING 2 fuming clear potions.
  7448 | D:8      | 7448 ||| DROPPING potion of attraction.
  7481 | D:8      | Noticed a moth of wrath
  7488 | D:8      | Found a transporter.
  7492 | D:8      | Noticed Wexler's ghost (novice GrFi)
  7505 | D:8      | Found a transporter.
  7556 | D:8      | Found a staircase to the Lair.
  7567 | D:8      | HP: 5/65 [komodo dragon (16)]
  7568 | D:8      | 7568 ||| DRINKING potion of heal wounds.
  7574 | D:8      | 7574 ||| FLEEEEING.
  7811 | D:8      | 7811 ||| PLANNING LAIR
  7811 | D:8      | 7811 ||| READING scroll of identify.
  7811 | D:8      | 7811 ||| IDENTIFYING orange potion
  7826 | Lair:1   | Entered Level 1 of the Lair of Beasts
  7832 | Lair:1   | Reached skill level 9 in Fighting
  7854 | Lair:1   | Reached XP level 11. HP: 65/71 MP: 14/16
  7854 | Lair:1   | 7854 ||| FLEEEEING.
  7862 | Lair:1   | 7862 ||| STAIRDANCE
  7866 | D:8      | 7866 ||| UPGRADING to amulet of faith.
  7927 | Lair:1   | Reached ***** piety under Okawaru
  7928 | Lair:1   | 7928 ||| FLEEEEING.
  7987 | Lair:1   | HP: 17/71 [bullfrog (7)]
  7987 | Lair:1   | HP: 7/71 [bullfrog (4)]
  7988 | Lair:1   | 7988 ||| DRINKING 2 potions of heal wounds.
  7992 | Lair:1   | HP: 14/71 [bullfrog (6)]
  7993 | Lair:1   | 7993 ||| DRINKING potion of heal wounds.
  7997 | Lair:1   | HP: 10/71 [cane toad (4)]
  7998 | Lair:1   | Slain by a cane toad

Levels and vault maps discovered:
D:1:      saegor_arrival_fortress, layout_basic
D:2:      layout_basic, nicolae_shop_vocational, uniq_natasha
D:3:      minmay_diamond_boxcup, layout_basic, lemuel_tele_altar,
          mainiacjoe_overflow_big_doors, basic_ecumenical_altar, uniq_jessica
D:4:      layout_basic, nicolae_hepliaklqana_monster_ancestors,
          nicolae_dithmenos_the_darkroom, okawaru_ov_weapons_minmay,
          temple_pool_b, nicolae_ossuary_entry_plus, gup_sewer_entry_pipe,
          serial_co_window_serial, co_window_paths_a, co_window_paths_a,
          co_window_corner_a, co_window_of_opportunity_a, co_window_paths_b,
          co_window_of_opportunity_b, co_window_cross_3, co_window_corner_b,
          co_window_corner_cb, glass_columns_a, serial_shops, shop,
          grunt_decor_cap
D:5:      layout_basic, lemuel_crystal_altar, serial_shops, shop_statue,
          interstate_on_off
D:6:      layout_loops_ring, tgw_kikubaaqudgha, serial_shops, shop,
          nicolae_concentric_dashed_squares_wild,
          chequers_serial_rivers_micro_a, nicolae_custom_books,
          uniq_blork_the_orc
D:7:      layout_cave_pools, nicolae_overflow_hidden_temple,
          kennysheep_little_box, zin_treasury, hellmonk_guarded_unrand_gong,
          uniq_duvessa
D:8:      kennysheep_big_flooded_room, layout_loops_corners,
          mainiacjoe_overflow_alcove_1, mainiacjoe_overflow_catwalk,
          grunt_lair_entry_orc_guard_hut, gammafunk_ghost_berserking_beasts
Lair:1:   layout_hall_layers, beast_lair_carwin_9

Skill      XL: |  1  2  3  4  5  6  7  8  9 10 11 |
---------------+----------------------------------+-----
Armour         | 1 |  1.0
Ranged Weapons | 5 6 7 8 9 11 13 | 13.0
Fighting       | 3 4 5 6 8 9 |  9.0
Dodging        | 2 3 4 |  4.0
Invocations    | 1 4 6 7 |  7.3
Stealth        | |  1.1

Action                     |  1- 3 |  4- 6 |  7- 9 | 10-12 || total
---------------------------+-------+-------+-------+-------++-------
   Fire: Shortbow          |    98 |   290 |   587 |   152 ||  1127
         Orcbow            |       |       |       |   170 ||   170
 Invoke: Heroism           |       |       |     6 |     2 ||     8
         Finesse           |       |       |       |     1 ||     1
    Use: Scroll            |     2 |     8 |     2 |     5 ||    17
         Potion            |       |     5 |     3 |     5 ||    13
 Armour: Leather armour    |     8 |    93 |   348 |   171 ||   620
         Ring mail         |    33 |     4 |       |       ||    37
  Dodge: Dodged            |    23 |    72 |   303 |   156 ||   554
         Repelled          |       |       |     1 |     6 ||     7

Table legend:
 A = Non-vault XP
 B = Vault XP
 C = Vault XP percentage of total XP
 D = Non-vault monster count
 E = Vault monster count
 F = Vault count percentage of total count
                 A         B        C        D         E       F
            +---------+---------+-------+---------+---------+-------
      Total |    6578 |    4049 |  38.1 |     160 |      42 |  20.8
            +---------+---------+-------+---------+---------+-------
        D:1 |      27 |       0 |   0.0 |      18 |       0 |   0.0
        D:2 |     114 |      35 |  23.5 |      20 |       1 |   4.8
        D:3 |      33 |      48 |  59.3 |       6 |       7 |  53.8
        D:4 |     350 |      21 |   5.7 |      17 |      11 |  39.3
        D:5 |     340 |       0 |   0.0 |      11 |       0 |   0.0
        D:6 |     854 |     429 |  33.4 |      19 |       5 |  20.8
        D:7 |    2236 |     915 |  29.0 |      44 |       2 |   4.3
        D:8 |    1122 |    2537 |  69.3 |      19 |       9 |  32.1
     Lair:1 |    1502 |       0 |   0.0 |       6 |       0 |   0.0
      Sewer |       0 |      64 | 100.0 |       0 |       7 | 100.0
            +---------+---------+-------+---------+---------+-------
